 Dungeon Crawl Stone Soup version 0.29.1-1-gd02db6906a (webtiles) character file.

Game seed: 319389648675728720

7063 Zeld the Cleaver (level 10, -5/92 HPs)
             Began as a Minotaur Berserker on Oct 9, 2022.
             Was an Elder of Trog.
             Slain by a warg (11 damage)
             ... on level 1 of the Orcish Mines.
             The game lasted 00:06:41 (10000 turns).

Zeld the Cleaver (Minotaur Berserker)              Turns: 10000, Time: 00:06:42

Health: -5/92      AC: 15    Str: 37    XL:     10   Next: 83%
Magic:  9/9        EV: 11    Int:  4    God:    Trog [****..]
Gold:   604        SH:  0    Dex:  9    Spells: 9/9 levels left

rFire   . . .      SeeInvis .   a - +11 war axe "Quhaiffa" {holy, rC+ rN+ Will- Str+4}
rCold   + . .      Faith    .   (no shield)
rNeg    + . .      Spirit   .   b - +0 plate armour
rPois   .          Reflect  .   (helmet restricted)
rElec   .          Harm     .   w - +0 cloak
rCorr   .          Rampage  .   (no gloves)
Will    +....                   (no boots)
Stlth   ..........              (no amulet)
HPRegen 1.25/turn               (no ring)
MPRegen 0.11/turn               f - +6 ring of strength

@: strong-willed, regenerating
A: horns 2, retaliatory headbutt
a: Renounce Religion, Berserk, Trog's Hand, Brothers in Arms


You were on level 1 of the Orcish Mines.
You worshipped Trog.
Trog was greatly pleased with you.
You visited 2 branches of the dungeon, and saw 10 of its levels.
You also visited: Sewer.

You collected 660 gold pieces.
You spent 56 gold pieces at shops.

Inventory:

Hand Weapons
 a - the +11 war axe "Quhaiffa" (weapon) {holy, rC+ rN+ Will- Str+4}
   (You found it on level 7 of the Dungeon)

   It has been blessed by the Shining One to cause great damage to the undead
   and demons.
   Str:       It affects your strength (+4).
   rC:        It protects you from cold.
   rN:        It protects you from negative energy.
   Will:      It decreases your willpower.
Missiles
 k - 13 poisoned darts
 v - 6 boomerangs
Armour
 b - a +0 plate armour (worn)
 w - a +0 cloak (worn)
Jewellery
 f - a +6 ring of strength (right hand)
Wands
 t - a wand of roots (20)
 x - a wand of charming (26)
 D - a wand of acid (3)
Scrolls
 e - 2 scrolls of fear {unknown}
 h - 7 scrolls of identify
 j - a scroll of butterflies {unknown}
 l - 4 scrolls of teleportation {unknown}
 m - a scroll of acquirement {unknown}
 r - 4 scrolls of vulnerability {unknown}
 u - a scroll of enchant weapon {unknown}
 y - a scroll of immolation {unknown}
 A - a scroll of poison {unknown}
 C - a scroll of blinking {unknown}
Potions
 c - 6 potions of curing {unknown}
 d - 2 potions of invisibility {unknown}
 g - 2 potions of degeneration {unknown}
 i - 5 potions of might {unknown}
 n - a potion of cancellation {unknown}
 o - 2 potions of flight {unknown}
 p - 4 potions of heal wounds {unknown}
 q - 2 potions of magic {unknown}
 s - 2 potions of haste {unknown}
 z - a potion of brilliance {unknown}
 B - a potion of berserk rage {unknown}


   Skills:
 + Level 9.7 Fighting
 * Level 13.0 Axes
 + Level 9.4 Armour
 + Level 8.5 Dodging


You had 9 spell levels left.
You didn't know any spells.
Your spell library was empty.

Dungeon Overview and Level Annotations

Branches:
Dungeon (9/15)                Orc (1/2) D:9           Sewer (visited)
 Temple: D:4-7         Lair: D:8-11

Altars:
Dithmenos
Elyvilon
Fedhas
Hepliaklqana
Kikubaaqudgha
Makhleb
Nemelex Xobeh
Okawaru
Qazlal
Trog
Wu Jian

Shops:
D:1 [   D:4 ?   D:9 [

Annotations:
D:9 1 runed translucent door, Zeld's ghost, journeyman GrEE


Innate Abilities, Weirdness & Mutations

You have a pair of horns on your head.
You reflexively headbutt those who attack you in melee.


Message History

The orc closely misses you. You furiously retaliate!
You headbutt the orc.
You kill the orc!
Trog accepts your kill.
Unknown command.
Found 13 gold pieces.
An orc sorcerer comes into view. It is wielding a +0 dagger.
The orc hits you but does no damage.
Things that are here:
a +0 short sword; an orc corpse; a troll corpse You hit the orc warrior.
The orc warrior is lightly wounded.
You barely miss the orc priest. You slash the orc!
You kill the orc!
Trog accepts your kill.
The orc warrior hits you with a +0 long sword!
The orc priest hits you but does no damage.
You slash the orc warrior!
The orc warrior is heavily wounded.
You slash the orc priest!
The orc warrior hits you with a +0 long sword.
The orc priest hits you but does no damage.
You hit the orc warrior.
The orc warrior is severely wounded.
You closely miss the orc priest. You slash the warg! The warg bites you!
Unknown command.
The orc warrior hits you with a +0 long sword.
The orc priest miscasts a cantrip.
The warg bites you! The warg attacks as you move away! The warg bites you!
* * * LOW HITPOINT WARNING * * *
The orc warrior hits you with a +0 long sword!
* * * LOW HITPOINT WARNING * * *
The orc priest invokes the aid of Beogh against you.
Beogh smites you!
* * * LOW HITPOINT WARNING * * *
The warg closely misses you.
Your skin crawls.
You feel strong-willed. The warg bites you!
You die...

##.##.#.....### ..
##......#.#.##.##...
##......^............
##.#.............#....
#.............<.......
##.#...............>..
##..........#........
##........#.........
##...@#...#.#......
#..oh#............
#...o.............
##....o...........
###.....[.#.....
#......$).......
#........#).$....
##.#.##.##.......
######## ..$#...


You could see a warg, an orc sorcerer, an orc warrior and an orc priest.

Vanquished Creatures
  2 two-headed ogres (D:9)
  2 trolls (Orc:1)
  A hornet (D:9)
  Sigmund (D:3)
  14 yaks (D:9)
  A wyvern (D:9)
  A wraith (D:9)
  A steam dragon (D:9)
  2 water moccasins
  Pargi (Sewer)
  3 orc warriors
  2 sky beasts
  2 ogres
  A centaur (D:6)
  A phantom (D:5)
  A kobold brigand (D:7)
  3 bullfrogs
  A necrophage (D:8)
  2 scorpions
  6 killer bees (D:9)
  A lava snake (D:8)
  3 hounds (D:6)
  A jelly (D:6)
  5 orc priests
  A gnoll bouda (D:7)
  Crazy Yiuf (D:6)
  3 iguanas
  7 orc wizards
  7 gnolls
  6 adders
  3 white imps
  2 ufetubi
  A worm (D:3)
  3 dart slugs
  29 orcs
  3 ball pythons
  4 endoplasms
  7 giant cockroaches
  8 goblins
  A hobgoblin (D:1)
  5 quokkas
  7 bats
  2 frilled lizards
  12 kobolds
  7 rats
177 creatures vanquished.

Vanquished Creatures (others)
  A fungus (D:9)
  7 plants (D:9)
8 creatures vanquished.

Grand Total: 185 creatures vanquished

Notes
Turn   | Place    | Note
-------+----------+-------------------------------------------
     0 | D:1      | Zeld the Minotaur Berserker began the quest for the Orb.
     0 | D:1      | Reached XP level 1. HP: 19/19 MP: 0/0
   139 | D:1      | Found Peagairgh's Armour Boutique.
   289 | D:1      | Reached XP level 2. HP: 27/27 MP: 1/1
   319 | D:1      | Reached skill level 4 in Axes
   649 | D:1      | Noticed an eye of devastation
   735 | D:1      | Noticed a shining eye
   739 | D:1      | Noticed an eye of devastation
   741 | D:1      | Found a faded altar of an unknown god.
   745 | D:1      | Noticed an eye of devastation
  1029 | D:1      | Reached XP level 3. HP: 18/33 MP: 2/2
  2099 | D:2      | Reached XP level 4. HP: 40/40 MP: 3/3
  2256 | D:2      | Found a stormy altar of Qazlal.
  2589 | D:3      | Noticed Sigmund
  2742 | D:3      | Killed Sigmund
  2743 | D:3      | Reached skill level 5 in Axes
  2743 | D:3      | Reached XP level 5. HP: 47/47 MP: 4/4
  2902 | D:3      | Reached ** piety under Trog
  3030 | D:3      | Reached XP level 6. HP: 54/55 MP: 5/5
  3415 | D:4      | Found Harasakk's Magic Scroll Boutique.
  3423 | D:4      | Bought a scroll of identify for 28 gold pieces
  3423 | D:4      | Bought a scroll of identify for 28 gold pieces
  3576 | D:4      | Found a sparkling altar of Nemelex Xobeh.
  3680 | D:4      | Found a white marble altar of Elyvilon.
  4098 | D:4      | Reached skill level 5 in Fighting
  4098 | D:4      | Reached skill level 6 in Axes
  4236 | D:5      | Entered Level 5 of the Dungeon
  4536 | D:5      | Found a glowing drain.
  4555 | Sewer    | Entered a sewer
  4647 | Sewer    | Noticed Pargi
  4653 | Sewer    | Killed Pargi
  4654 | Sewer    | Reached XP level 7. HP: 55/61 MP: 6/6
  4969 | D:5      | Reached skill level 7 in Axes
  5096 | D:5      | Reached *** piety under Trog
  5119 | D:5      | Reached skill level 5 in Armour
  5691 | D:6      | Found a shadowy altar of Dithmenos.
  5692 | D:6      | Found a burning altar of Makhleb.
  5692 | D:6      | Found an iron altar of Okawaru.
  5694 | D:6      | Found a hazy altar of Hepliaklqana.
  5694 | D:6      | Found a bloodstained altar of Trog.
  5741 | D:6      | Reached skill level 5 in Dodging
  5747 | D:6      | Reached XP level 8. HP: 48/70 MP: 7/7
  5754 | D:6      | Reached skill level 8 in Axes
  6139 | D:6      | Found a stormy altar of Qazlal.
  6568 | D:6      | Found an ornate altar of the Wu Jian Council.
  6569 | D:6      | Found a blossoming altar of Fedhas.
  6669 | D:6      | Found a runed translucent door.
  6670 | D:6      | Noticed Crazy Yiuf
  6741 | D:6      | Killed Crazy Yiuf
  6861 | D:7      | Reached skill level 9 in Axes
  6926 | D:7      | Identified the +11 war axe "Quhaiffa" {holy, rC+ rN+ Will-
                  | Str+4}
  7498 | D:7      | Reached XP level 9. HP: 79/79 MP: 8/8
  7634 | D:7      | Found an ancient bone altar of Kikubaaqudgha.
  7916 | D:8      | Identified the +1 sling "Ofrowieng" {freeze, *Slow rF+++
                  | rN+++ Stlth-}
  8184 | D:8      | Reached **** piety under Trog
  8186 | D:8      | Reached skill level 10 in Axes
  8601 | D:9      | Found a staircase to the Orcish Mines.
  8698 | D:9      | Found Potalam's Armour Shoppe.
  8715 | D:9      | Noticed a two-headed ogre
  8722 | D:9      | Killed a two-headed ogre
  8723 | D:9      | Reached skill level 11 in Axes
  8879 | D:9      | Reached XP level 10. HP: 75/90 MP: 9/9
  9546 | D:9      | Noticed a two-headed ogre
  9551 | D:9      | Reached skill level 12 in Axes
  9554 | D:9      | Killed a two-headed ogre
  9777 | D:9      | Found a runed translucent door.
  9781 | D:9      | Noticed Zeld's ghost (journeyman GrEE)
  9788 | D:9      | Identified the +7 trident of Fear {vamp, rF- rC+ Will+
                  | Int+9}
  9793 | D:9      | Identified the +2 pair of boots of Catatonia {rElec Str-4
                  | Slay+6 Stlth+}
  9954 | Orc:1    | Entered Level 1 of the Orcish Mines
  9990 | Orc:1    | Reached skill level 13 in Axes
  9991 | Orc:1    | Noticed an orc sorcerer
  9998 | Orc:1    | HP: 4/92 [orc priest/divine providence (8)]
 10000 | Orc:1    | Slain by a warg

Illustrated notes

Levels and vault maps discovered:
D:1:      spicycebolla_green_bress_n_ham_2, layout_basic,
          hellmonk_ecumenical_altar_watching_god, serial_shops,
          nicolae_shop_statue_plus
D:2:      layout_loops_cross, basic_altar
D:3:      layout_loops_ring, uniq_sigmund
D:4:      layout_loops_corners, kennysheep_little_box,
          mainiacjoe_overflow_tiny_flanked, serial_shops, nicolae_diamond_shop
D:5:      layout_cave_pools, gup_sewer_entry_glass
D:6:      layout_cave_pods, nicolae_qazlal_scattered_showers,
          grunt_temple_overflow_open, hangedman_decor_lopped,
          uniq_crazy_yiuf_cottage
D:7:      layout_basic, kiku_gazebo_pond_becter,
          minmay_temple_entry_from_below_a, minivault_22
D:8:      layout_basic, kennysheep_cross_room
D:9:      layout_irregular_city, orc_0_dummy, ebering_ghost_funeral_grove,
          serial_shops, shop
Orc:1:    layout_caves, serial_shops, nicolae_shop_statue_plus, basic_altar

Skill      XL: |  1  2  3  4  5  6  7  8  9 10 |
---------------+-------------------------------+-----
Axes           | 4 5 6 7 9 11 13 | 13.0
Fighting       | 4 5 6 7 8 9 |  9.7
Armour         | 3 4 5 6 8 9 |  9.4
Dodging        | 3 4 5 6 7 8 |  8.5

Action                   |  1- 3 |  4- 6 |  7- 9 | 10-12 || total
-------------------------+-------+-------+-------+-------++-------
Melee: Hand axe          |    50 |   100 |   112 |       ||   262
       Headbutt          |     5 |    16 |    24 |     9 ||    54
       Punch             |     1 |       |     4 |       ||     5
       War axe           |       |       |    90 |    41 ||   131
Invok: Berserk           |     2 |     1 |     2 |     1 ||     6
       Trog's Hand       |       |       |       |     1 ||     1
Armor: Animal skin       |     7 |       |       |       ||     7
       Plate armour      |       |    67 |   116 |    26 ||   209
Dodge: Dodged            |    35 |    39 |    89 |    33 ||   196
